 Dungeon Crawl Stone Soup version 0.21-a0-237-g87df72b (webtiles) character file.

65 4thArraOfDagon the Vexing (level 4, -2/30 HPs)
             Began as a Human Enchanter on Sept 2, 2017.
             Splashed by Ijyb's acid (10 damage)
             ... on level 4 of the Dungeon.
             The game lasted 00:05:17 (925 turns).

4thArraOfDagon the Vexing (Human Enchanter)          Turns: 925, Time: 00:05:18

Health: -2/30      AC:  3    Str:  9    XL:     4   Next: 34%
Magic:  12/16      EV: 12    Int: 16    God:
Gold:   74         SH:  0    Dex: 13    Spells: 1/7 levels left

rFire    . . .     SeeInvis .   a - +1 dagger
rCold    . . .     Gourm    .   (no shield)
rNeg     . . .     Faith    .   b - +0 robe
rPois    .         Spirit   .   (no helmet)
rElec    .         Reflect  .   p - +0 cloak
rCorr    .         Harm     .   (no gloves)
MR       .....                  (no boots)
Stlth    ++........             (no amulet)
HPRegen  0.10/turn              f - ring of magical power
MPRegen  0.15/turn              (no ring)

@: no status effects
A: no striking features
a: no special abilities


You were on level 4 of the Dungeon.
You were not hungry.

You visited 1 branch of the dungeon, and saw 4 of its levels.

You collected 74 gold pieces.

Inventory:

Hand Weapons
 a - a +1 dagger (weapon)
 o - a +2 quarterstaff of chaos
Armour
 b - a +0 robe (worn)
 p - a +0 cloak (worn)
Jewellery
 f - a ring of magical power (left hand)
Wands
 h - a wand of random effects (40/48)
Scrolls
 e - a scroll of amnesia
 l - a scroll of noise
 m - a scroll of blinking
Potions
 g - a potion of flight {unknown}
 j - a potion of might
 k - a potion of invisibility {unknown}
 n - a potion of resistance
Books
 c - a book of Maledictions

   Spells                             Type                      Level
   a - Corona                         Hexes                        1
   b - Ensorcelled Hibernation        Hexes/Ice                    2
   c - Confuse                        Hexes                        3
   d - Tukima's Dance                 Hexes                        3
   e - Dazzling Spray                 Conjuration/Hexes            3
Comestibles
 i - 2 meat rations


   Skills:
 - Level 3.0 Short Blades
 - Level 2.0 Dodging
 - Level 3.1 Stealth
 - Level 2.2 Spellcasting
 * Level 3.3 Hexes


You had one spell level left.
You knew the following spells:

 Your Spells              Type           Power        Failure   Level  Hunger
a - Corona                Hex            ##.....      4%          1    #......
b - Ensorcelled Hibernat  Hex/Ice        #.....       16%         2    ###....
c - Confuse               Hex            ##......     16%         3    ###....


Dungeon Overview and Level Annotations

Branches:
Dungeon (4/15)
 Temple: D:4-7

Altars:

Annotations:
D:4 Ijyb; tilp's ghost, amateur CeFi


Message History

Unknown command.
Casting: Confuse
Confirm with . or Enter, or press ? or * to list all spells.
Aiming: Ensorcelled Hibernation
Press: ? - help, Shift-Dir - straight line, f/p - Ijyb
Aim: Ijyb, wearing a shiny chain mail (confused, chance to defeat MR: 48%) Ijyb looks drowsy...
Unknown command.
Unknown command.
Unknown command.
Ijyb seems less confused.
Unknown command.
The helpless Ijyb fails to defend herself.
You impale Ijyb!!
Ijyb is almost dead.
Ijyb zaps a wand.
The bolt of acid hits you!
Ouch! That really hurt!
* * * LOW HITPOINT WARNING * * *
You are splashed with acid!
The acid burns!
You die...

..# ##. #.####.#
#.....# #....##
#.....### #..##...##
## ##...###..####.#
##.....###.....#
####............@g#
..................#
.................##
##.†..............#
##.............###.#
###..##......(## .#
# ##.##......## # ##
#..##....##
.###..##>...#


You could see Ijyb.

Vanquished Creatures
  2 adders
  A leopard gecko (D:1)
  3 orcs (D:3)
  2 giant cockroaches
  4 goblins
  2 ball pythons
  6 bats
  A frilled lizard (D:3)
  3 kobolds
  3 rats
27 creatures vanquished.

Vanquished Creatures (others)
  Crazy Yiuf (D:4)
  A ball python (D:4)
2 creatures vanquished.

Grand Total: 29 creatures vanquished

Notes
Turn   | Place    | Note
-------+----------+-------------------------------------------
     0 | D:1      | 4thArraOfDagon the Human Enchanter began the quest for the Orb.
     0 | D:1      | Reached XP level 1. HP: 13/13 MP: 3/3
   248 | D:1      | Reached XP level 2. HP: 15/19 MP: 5/5
   263 | D:1      | Learned a level 2 spell: Ensorcelled Hibernation
   506 | D:3      | Reached XP level 3. HP: 24/24 MP: 6/6
   530 | D:3      | Learned a level 3 spell: Confuse
   710 | D:4      | Noticed tilp's ghost (amateur CeFi)
   745 | D:4      | Found a runed door.
   749 | D:4      | Noticed Crazy Yiuf
   780 | D:4      | Killed Crazy Yiuf
   780 | D:4      | Reached XP level 4. HP: 10/30 MP: 2/7
   912 | D:4      | Noticed Ijyb
   925 | D:4      | Splashed by Ijyb's acid

Vault maps used:
D:1:      minmay_arrival_radiant_lines
D:2:      first_bread, minivault_26, minmay_rat_gold_closets, uniq_robin
D:3:      st_stairs_12
D:4:      enter_ossuary_5, lemuel_old_faithful, uniq_ijyb,
          uniq_crazy_yiuf_cottage, uniq_natasha

Skill      XL: |  1  2  3 |
---------------+----------+-----
Short Blades   | 3 |  3.0
Dodging        | |  2.0
Stealth        | |  3.1
Spellcasting   | |  2.2
Hexes          | |  3.3

Action                   |  1- 3 |  4- 6 || total
-------------------------+-------+-------++-------
Melee: Dagger            |    57 |     4 ||    61
 Cast: Corona            |    16 |       ||    16
       Ensorcelled Hiber |    13 |     1 ||    14
       Confuse           |     3 |     1 ||     4
  Use: Scroll            |     5 |     1 ||     6
 Stab: Sleeping          |    12 |     4 ||    16
  Eat: Chunk             |     1 |       ||     1
       Bread ration      |       |     1 ||     1
Armor: Robe              |    13 |       ||    13
Dodge: Dodged            |    46 |       ||    46

Table legend:
 A = Spawn XP
 B = Non-spawn XP
 C = Spawn XP percentage of total XP
 D = Spawn monster count
 E = Non-spawn monster count
 F = Spawn count percentage of total count
 G = Total turns spent on level
                    A         B        C        D         E        F      G
               +---------+---------+-------+---------+---------+-------+---------
         Total |       5 |      88 |   5.4 |       2 |      26 |   7.1 |   925
               +---------+---------+-------+---------+---------+-------+---------
           D:1 |       3 |       9 |  25.0 |       1 |       7 |  12.5 |   263
           D:2 |       2 |      10 |  16.7 |       1 |       7 |  12.5 |   223
           D:3 |       0 |      27 |   0.0 |       0 |       8 |   0.0 |   211
           D:4 |       0 |      42 |   0.0 |       0 |       4 |   0.0 |   228
               +---------+---------+-------+---------+---------+-------+---------
